[Event "Late-Titled-Tuesday-Blitz-January-16-2024"]
[Site "Chess.com"]
[Date "2024.01.16"]
[Round "8"]
[White "ChristopherYoo"]
[Black "Rikikits"]
[Result "1-0"]
[WhiteElo "2988"]
[BlackElo "2841"]
[TimeControl "180+1"]
[EndTime "15:32:54 PST"]
[Termination "ChristopherYoo won on time"]

1. e4 c6 2. Nf3 d5 3. exd5 cxd5 4. Ne5 Nf6 5. d4 e6 6. c3 Be7 7. Bd3 Nc6 8. f4 O-O 9. Nd2 Ne8 10. O-O g6 11. Rf3 f5 12. Rh3 Nf6 13. Ndf3 Ne4 14.
Qe1 Bf6 15. Be3 Bd7 16. Bxe4 fxe4 17. Ng5 Bxg5 18. Nxc6 Bxc6 19. fxg5 Bb5 20. b3 Bd3 21. Rh6 Rf7 22. Qg3 Qc7 23. Qxc7 Rxc7 24. Rc1 Rac8 25.
Bd2 b5 26. b4 e5 27. dxe5 d4 28. e6 e3 29. Be1 Bf5 30. Rh4 d3 31. Rd4 d2 32. Bxd2 exd2 33. Rxd2 Bxe6 34. Re1 Bf7 35. Re5 Rxc3 36. h4 Rc1+ 37. Kh2 R1c4 38. Kg3 Rxb4 39.
Rd7 Ra4 40. Ree7 Rf8 41. Rxa7 Rxa7 42. Rxa7 Rd8 43. Rb7 Bc4 44. a3 Ra8 45. Kf4 Rxa3 46. Ke5 Ra6 47. g4 Re6+ 48. Kf4 Re8 49. h5 Rf8+ 50.
Ke5 Re8+ 51. Kf4 Bf7 52. h6 Bc4 53. Rg7+ Kh8 54. Rb7 Bd3 55. Kg3 Bc4 56. Kf4 Rf8+ 57. Kg3 Rc8 58. Kf4 Rc5 59. Rb8+ Bg8 60. Rb7 Rc4+ 61.
Kg3 b4 62. Kh4 Rd4 63. Rb8 b3 64. Rb7 Rd2 65. Kg3 b2 66. Rb8 Rc2 67. Kh4 Re2 68. Kg3 Rd2 69. Kh4 Rd8 70. Rxb2 Be6 71. Rb6 Bf7 72. Rb7 Kg8 73. Kg3 Kf8 74. Kf4 Re8 75. Rc7 Re7 76. Rc8+ Be8 77. Rb8 Kf7 78. Ra8 Rb7 79. Ra6 Rb4+ 80. Kg3 Bd7 81. Ra7 Rxg4+ 82. Kf3 Rd4 83. Ke3 Rd6 84. Ra8 Rd5 85. Rh8 Rxg5 86.
Rxh7+ Ke6 87. Rg7 Rh5 88. Rxg6+ Kf5 89. Ra6 Be6 90. Ra5+ Kg6 91. Rxh5 Kh7 92. Kf4 Bb3 93. Kg5 Bc2 94. Rh4 Kg8 95. Rd4 Bb1 96. Rd7 Bc2 97. Rc7 Bb1 98. Rg7+ Kh8 99. Kf6 Bc2 100. Re7 Bb1 101.
Re8+ Kh7 102. Kg5 Bc2 103. Rc8 Bd3 104. Rc3 Bb1 105.
Re3 Bc2 106. Kf6 Bb1 107. Re7+ Kh8 108. Rc7 Bd3 109. Ke5 Bb1 110. Kd4 Bf5 111. Kc3 Be4 112. Kd2 Bf5 113. Re7 Bb1 114. Ke3 Bf5 115. Kf4 Bb1 116. Kg5 Bc2 117. Kh5 Bb1 118. Kh4 Bc2 119. Rd7 Bb1 120. Ra7 Bd3 121. Kg3 Bc2 122. Kf4 Bd3 123. Rc7 Bb1 124. Rd7 Bc2 125. Ke5 Bb1 126. Kf6 Bc2 127. Kf7 Bb1 128. Rd8+ Kh7 129. Kf6 Bc2 130. Rb8 Bd3 131. Rc8 Bb1 132. Re8 Bc2 133. Rd8 Bb1 134. Kg5 Bc2 135. Rd2 Bb1 136. Rg2 Kh8 137. Rg3 Bc2 138. h7 Bxh7 139. Kf6 Bc2 140. Rh3+ Bh7 141. Rc3 Bg8 142. Kg6 Bd5 143. Rc7 Be4+ 144. Kf7 Bd5+ 145. Kf6 1-0

[Event "Late-Titled-Tuesday-Blitz-January-16-2024"]
[Site "Chess.com"]
[Date "2024.01.16"]
[Round "9"]
[White "CamillaEffect"]
[Black "orestn"]
[Result "1-0"]
[WhiteElo "2575"]
[BlackElo "2450"]
[TimeControl "180+1"]
[EndTime "15:40:51 PST"]
[Termination "CamillaEffect won by resignation"]

1. e4 e5 2. Nf3 Nc6 3. Nc3 Nf6 4. d4 exd4 5. Nd5 Be7 6. Nxd4 O-O 7. Nb5 Nxd5 8.
exd5 Ne5 9. Be2 d6 10. O-O Bf6 11. c3 Re8 12. f4 Nd7 13. Bf3 Nc5 14. Re1 Rxe1+ 15.
Qxe1 a6 16. Nxc7 Bf5 17. Nxa8 1-0

[Event "Late-Titled-Tuesday-Blitz-January-16-2024"]
[Site "Chess.com"]
[Date "2024.01.16"]
[Round "9"]
[White "Pachonpower"]
[Black "giomar27"]
[Result "1-0"]
[WhiteElo "2264"]
[BlackElo "2374"]
[TimeControl "180+1"]
[EndTime "15:41:04 PST"]
[Termination "Pachonpower won by resignation"]

1. d4 g6 2. Nf3 Bg7 3. Nc3 d6 4. Bf4 a6 5. Qd2 b5 6. e4 Nd7 7. O-O-O Bb7 8. e5 Bxf3 9. gxf3 dxe5 10. dxe5 Nxe5 11. Qe3 Nd7 12. Nxb5 axb5 13. Bxb5 Rxa2 14. Rxd7 Ra1+ 15. Kd2 Rxh1 1-0

[Event "Late-Titled-Tuesday-Blitz-January-16-2024"]
[Site "Chess.com"]
[Date "2024.01.16"]
[Round "9"]
[White "iturrizaga"]
[Black "mbojan"]
[Result "1-0"]
[WhiteElo "3013"]
[BlackElo "2860"]
[TimeControl "180+1"]
[EndTime "15:41:51 PST"]
[Termination "iturrizaga won by resignation"]

1. d4 g6 2. Nf3 Bg7 3. e4 d5 4. exd5 Qxd5 5. Nc3 Qd8 6. Bc4 Nf6 7. O-O Bg4 8. Bxf7+ Kxf7 9. Ne5+ Ke8 10. Nxg4 Nxg4 11. Qxg4 Nc6 12. d5 Ne5 13. Qe4 Nf7 14. Re1 Nd6 15.
Qa4+ Qd7 16. Rxe7+ Kxe7 17. Bg5+ 1-0

[Event "Late-Titled-Tuesday-Blitz-January-16-2024"]
[Site "Chess.com"]
[Date "2024.01.16"]
[Round "9"]
[White "iwanyu"]
[Black "vidavi"]
[Result "1-0"]
[WhiteElo "2673"]
[BlackElo "2502"]
[TimeControl "180+1"]
[EndTime "15:41:51 PST"]
[Termination "iwanyu won by resignation"]

1. d4 Nf6 2. c4 g6 3. Nf3 Bg7 4.
g3 O-O 5. Bg2 c6 6. O-O d5 7.
Nc3 dxc4 8. e4 b5 9. Qe2 Bb7 10. e5 Nd5 11. e6 f6 12. h4 Na6 13. h5 Nxc3 14. bxc3 c5 15. d5 Qxd5 16. Nh4 1-0

[Event "Late-Titled-Tuesday-Blitz-January-16-2024"]
[Site "Chess.com"]
[Date "2024.01.16"]
[Round "9"]
[White "The_Straightforward_Rook"]
[Black "IgorBjelobrk"]
[Result "0-1"]
[WhiteElo "2466"]
[BlackElo "2636"]
[TimeControl "180+1"]
[EndTime "15:42:13 PST"]
[Termination "IgorBjelobrk won by resignation"]

1. e4 e6 2. Qe2 c5 3. Nf3 d6 4. g3 Nf6 5. Bg2 Be7 6. O-O Nc6 7. c3 O-O 8. Re1 Bd7 9. d4 cxd4 10. cxd4 d5 11. e5 Ne4 12. Nbd2 Nxd2 13. Bxd2 Qb6 14.
Bc3 Rfc8 15. h4 a5 16. h5 h6 17. Rac1 Nb4 18. Bf1 Nxa2 19. Rc2 Ba4 20. Rd2 Nxc3 21. bxc3 Rxc3 22. Nh2 Rac8 23. Ng4 Bc2 24. Rc1 Be4 25.
Rb2 Bb4 26. Rxc3 Rxc3 27. Ne3 Qxd4 0-1

[Event "Late-Titled-Tuesday-Blitz-January-16-2024"]
[Site "Chess.com"]
[Date "2024.01.16"]
[Round "9"]
[White "diamonds13"]
[Black "miraitrunks"]
[Result "1-0"]
[WhiteElo "2358"]
[BlackElo "2105"]
[TimeControl "180+1"]
[EndTime "15:42:29 PST"]
[Termination "diamonds13 won by checkmate"]

1. d4 d5 2. c4 Bf5 3. cxd5 Bxb1 4. Qa4+ c6 5. dxc6 Nxc6 6. Rxb1 Qxd4 7. Qxd4 Nxd4 8. e3 Nc6 9. Nf3 O-O-O 10. Bb5 e6 11. Bxc6 bxc6 12. Ne5 Bb4+ 13. Ke2 Rf8 14. Nxc6 Bc5 15. b4 Bb6 16. Bb2 Nf6 17. Rhc1 Kb7 18. a4 Rc8 19. Ne5 Nd5 20. Nxf7 Rxc1 21. Rxc1 Rf8 22. Nd6+ Kb8 23. Bxg7 Rg8 24. a5 Bc7 25. Be5 Rxg2 26. b5 Bxa5 27. Rc8# 1-0

[Event "Late-Titled-Tuesday-Blitz-January-16-2024"]
[Site "Chess.com"]
[Date "2024.01.16"]
[Round "9"]
[White "Maxfan2008"]
[Black "FredddieCroderg"]
[Result "1-0"]
[WhiteElo "2523"]
[BlackElo "2367"]
[TimeControl "180+1"]
[EndTime "15:42:51 PST"]
[Termination "Maxfan2008 won by checkmate"]

1. e4 c6 2. d4 d5 3. e5 Bf5 4. h4 h5 5. Bd3 Bxd3 6. Qxd3 e6 7. Nf3 Qb6 8. O-O Nh6 9. b3 Nf5 10. c4 Na6 11. a3 Rd8 12. c5 Qb5 13. Qd1 Qa5 14. Bd2 Qc7 15. Bg5 Be7 16. g3 b6 17.
b4 bxc5 18. bxc5 Rb8 19. Nc3 O-O 20. Bxe7 Qxe7 21. Qa4 Nc7 22. Rab1 Rxb1 23. Rxb1 Qd7 24. Qxa7 Ra8 25. Rb8+ Rxb8 26. Qxb8+ Kh7 27. Ng5+ Kg6 28.
Qh8 Nxh4 29. gxh4 Kf5 30. Qxh5 g6 31.
Qf3# 1-0

[Event "Late-Titled-Tuesday-Blitz-January-16-2024"]
[Site "Chess.com"]
[Date "2024.01.16"]
[Round "9"]
[White "IMRosen"]
[Black "Redzishchess"]
[Result "1-0"]
[WhiteElo "2687"]
[BlackElo "2485"]
[TimeControl "180+1"]
[EndTime "15:42:56 PST"]
[Termination "IMRosen won by resignation"]

1. d4 Nf6 2. Bf4 d6 3. Nc3 g6 4. e4 Bg7 5. Qd2 O-O 6. O-O-O c5 7. dxc5 Qa5 8. cxd6 Nxe4 9. Nxe4 Qxa2 10. Qb4 Bf5 11.
dxe7 Re8 12. Bc4 Nc6 13. Bxa2 Nxb4 14. Bxf7+ Kxf7 15. Nd6+ Kxe7 16. Nxf5+ gxf5 17. Bd6+ Kf6 18. Bxb4 Rad8 19. Bc3+ 1-0

[Event "Late-Titled-Tuesday-Blitz-January-16-2024"]
[Site "Chess.com"]
[Date "2024.01.16"]
[Round "9"]
[White "dorpato"]
[Black "dianamirza"]
[Result "1-0"]
[WhiteElo "2130"]
[BlackElo "1992"]
[TimeControl "180+1"]
[EndTime "15:43:10 PST"]
[Termination "dorpato won by checkmate"]

1. e4 c5 2. Nf3 e6 3. d3 Nc6 4.
Nc3 Nf6 5. g3 Be7 6. Bg2 d5 7.
O-O Kf8 8. Bg5 d4 9. Ne2 h6 10.
Bxf6 Bxf6 11. Nd2 e5 12. f4 exf4 13. Nxf4 g5 14. Nd5 Be5 15. Nc4 Kg7 16. Qh5 Be6 17.
Nxe5 Nxe5 18. Nf6 Bg4 19. Nxg4 Nxg4 20. Qxf7# 1-0

[Event "Late-Titled-Tuesday-Blitz-January-16-2024"]
[Site "Chess.com"]
[Date "2024.01.16"]
[Round "9"]
[White "Durarbayli"]
[Black "Piotrek1979"]
[Result "1-0"]
[WhiteElo "2836"]
[BlackElo "2431"]
[TimeControl "180+1"]
[EndTime "15:43:11 PST"]
[Termination "Durarbayli won by resignation"]

1. e4 c6 2. d4 d5 3. exd5 cxd5 4. c4 Nf6 5. Nc3 e6 6. Nf3 Bb4 7. cxd5 Nxd5 8. Bd2 O-O 9. Bd3 Nc6 10. O-O Be7 11. Re1 Nf6 12. Bg5 b6 13. Rc1 Bb7 14. Bb1 Nb4 15.
Ne5 Rc8 16. h4 h6 17. Bxf6 Bxf6 18. a3 Nd5 19. Qd3 g6 20. Nxg6 fxg6 21. Qxg6+ Bg7 22. Qh7+ Kf7 23. Bg6+ 1-0

[Event "Late-Titled-Tuesday-Blitz-January-16-2024"]
[Site "Chess.com"]
[Date "2024.01.16"]
[Round "9"]
[White "glebus008"]
[Black "zverr1"]
[Result "0-1"]
[WhiteElo "2327"]
[BlackElo "2508"]
[TimeControl "180+1"]
[EndTime "15:43:27 PST"]
[Termination "zverr1 won by checkmate"]

1. a3 g6 2. d4 Nf6 3. e3 d5 4. Nf3 Bg7 5. c4 O-O 6. Nc3 b6 7. b4 c5 8. bxc5 bxc5 9. cxd5 Nxd5 10. Nxd5 Qxd5 11. Bb2 Nc6 12. Rc1 cxd4 13. Nxd4 Nxd4 14. Bxd4 Rd8 15. Qf3 Qa5+ 16. Bc3 Bxc3+ 17. Rxc3 Qxc3+ 18. Ke2 Qd2# 0-1

[Event "Late-Titled-Tuesday-Blitz-January-16-2024"]
[Site "Chess.com"]
[Date "2024.01.16"]
[Round "9"]
[White "MikaelyanArman"]
[Black "SCIM"]
[Result "0-1"]
[WhiteElo "2840"]
[BlackElo "2609"]
[TimeControl "180+1"]
[EndTime "15:43:52 PST"]
[Termination "SCIM won by resignation"]

1. e4 e5 2. Nf3 Nc6 3. Bb5 a6 4. Ba4 d6 5. O-O Bd7 6. c3 Nf6 7. Re1 Be7 8. d4 O-O 9. d5 Nb8 10.
c4 Bxa4 11. Qxa4 Nbd7 12. Nc3 Nc5 13. Qc2 a5 14. b3 c6 15. h3 cxd5 16. cxd5 Rc8 17.
Qd2 Nh5 18. Ba3 Nf4 19. Bxc5 Rxc5 20. Rac1 Bg5 21. Re3 Bh6 22. Qe1 Nh5 23. Nd2 Bxe3 24. fxe3 b5 25. a4 Qc7 26. Nf3 Rc8 27. Qh4 Nf6 28. Rf1 Rxc3 29. Ng5 h6 30. Qxh6 gxh6 0-1

[Event "Late-Titled-Tuesday-Blitz-January-16-2024"]
[Site "Chess.com"]
[Date "2024.01.16"]
[Round "9"]
[White "Sic_Transit_GM"]
[Black "Matrix3x3a"]
[Result "1-0"]
[WhiteElo "2665"]
[BlackElo "2471"]
[TimeControl "180+1"]
[EndTime "15:43:53 PST"]
[Termination "Sic_Transit_GM won by resignation"]

1. g3 e5 2. Bg2 d5 3. Nf3 Nc6 4. d3 Nf6 5. O-O Be7 6. c4 O-O 7. cxd5 Nxd5 8. a3 f6 9. b4 a6 10.
Bb2 Be6 11. Nbd2 Qd7 12. Nb3 b6 13. Rc1 Rfd8 14. e4 Ndxb4 15. axb4 Nxb4 16. d4 exd4 17.
Nbxd4 Bf7 18. Nf5 Bf8 19. Bh3 Qe8 20. Qe2 c5 21. Rfd1 b5 22. e5 c4 23. e6 Bg6 24. e7 Rxd1+ 25. Rxd1 Nd3 26. exf8=Q+ Qxf8 27. Ne7+ Kh8 28. Nxg6+ hxg6 29. Rxd3 cxd3 30. Qxd3 Rd8 31. Qxg6 Rd1+ 32. Kg2 1-0

[Event "Late-Titled-Tuesday-Blitz-January-16-2024"]
[Site "Chess.com"]
[Date "2024.01.16"]
[Round "9"]
[White "Doudou2015"]
[Black "Heinza9"]
[Result "0-1"]
[WhiteElo "2206"]
[BlackElo "2319"]
[TimeControl "180+1"]
[EndTime "15:44:11 PST"]
[Termination "Heinza9 won by resignation"]

1. b3 f5 2. Bb2 Nf6 3. Bxf6 exf6 4. h4 d5 5. h5 Bd6 6. e3 O-O 7. g3 c5 8. Bd3 Nc6 9. Qf3 Be5 10. c3 Ne7 11.
Ne2 d4 12. cxd4 cxd4 13. exd4 Bxd4 14. Nbc3 Be6 15. Rd1 Bb6 16. Kf1 Rf7 17. Rh4 g6 18. hxg6 Nxg6 19. Rh5 Ne5 20. Qg2 Qxd3 0-1

[Event "Late-Titled-Tuesday-Blitz-January-16-2024"]
[Site "Chess.com"]
[Date "2024.01.16"]
[Round "9"]
[White "DavidGavrilescu18"]
[Black "aghasiyevkamal"]
[Result "1-0"]
[WhiteElo "2793"]
[BlackElo "2622"]
[TimeControl "180+1"]
[EndTime "15:44:19 PST"]
[Termination "DavidGavrilescu18 won by resignation"]

1. e4 e5 2. Bc4 Nf6 3. Nc3 Bc5 4. d3 d6 5. f4 exf4 6. Bxf4 h6 7. Nf3 Nc6 8. Na4 Bb6 9. Nxb6 axb6 10. O-O O-O 11. Qd2 Kh7 12. a3 Be6 13. Qc3 d5 14. exd5 Nxd5 15. Bxd5 Bxd5 16. Rae1 Bxf3 17. Rxf3 Qd4+ 18.
Qxd4 Nxd4 19. Rf2 c6 20. Be3 Rae8 21. Kf1 Ne6 22. Bxb6 g5 23. Ba5 Kg6 24. Bc3 f5 25. Rfe2 Kf7 26. Re5 Ng7 27. Rxe8 Nxe8 28. Bb4 Rg8 29. Re7+ Kf6 30. Rxb7 f4 31. a4 Ke6 32.
a5 Nf6 33. a6 Nd5 34. Bc5 1-0

[Event "Late-Titled-Tuesday-Blitz-January-16-2024"]
[Site "Chess.com"]
[Date "2024.01.16"]
[Round "9"]
[White "ThaBarWa"]
[Black "Petukhov_Dmitry"]
[Result "0-1"]
[WhiteElo "2406"]
[BlackElo "2550"]
[TimeControl "180+1"]
[EndTime "15:44:23 PST"]
[Termination "Petukhov_Dmitry won by resignation"]

1. d4 Nf6 2. c4 g6 3. Nc3 d5 4.
cxd5 Nxd5 5. e4 Nxc3 6. bxc3 Bg7 7. Bb5+ c6 8. Ba4 b5 9. Bb3 b4 10. Ne2 bxc3 11. Be3 O-O 12. O-O Ba6 13. Re1 c5 14. dxc5 Nc6 15. Rc1 Nb4 16. Nxc3 Nd3 17. c6 Nxc1 18.
Qxd8 Ne2+ 19. Rxe2 Rfxd8 20. Rc2 e6 21. f3 Rac8 22. Ba4 Rd3 23. Bd2 Rxd2 24. Rxd2 Bxc3 25. Rc2 Ba5 26. Kf2 Kf8 27. Ke3 e5 28. h4 Ke7 29. g4 Rd8 30. Kf2 0-1

[Event "Late-Titled-Tuesday-Blitz-January-16-2024"]
[Site "Chess.com"]
[Date "2024.01.16"]
[Round "9"]
[White "DonJuan_34"]
[Black "imdarealist"]
[Result "1-0"]
[WhiteElo "2409"]
[BlackElo "2283"]
[TimeControl "180+1"]
[EndTime "15:44:26 PST"]
[Termination "DonJuan_34 won by resignation"]

1. d4 e6 2. c4 d5 3. Nc3 Nf6 4. Nf3 Be7 5. Bg5 Ne4 6. Bf4 Nxc3 7. bxc3 Bd6 8. e3 Bxf4 9. exf4 O-O 10. c5 Nd7 11. Bd3 Nf6 12. O-O Bd7 13. Ne5 c6 14. a4 b6 15. cxb6 axb6 16. Re1 c5 17. Bb5 Bxb5 18.
axb5 Ne4 19. Qd3 Qh4 20. g3 Qh5 21. f3 Nf6 22. Ra6 cxd4 23. cxd4 Rfc8 24. Nc6 Qg6 25.
Ne7+ 1-0

[Event "Late-Titled-Tuesday-Blitz-January-16-2024"]
[Site "Chess.com"]
[Date "2024.01.16"]
[Round "9"]
[White "ToddBryant"]
[Black "tarno17"]
[Result "1-0"]
[WhiteElo "2303"]
[BlackElo "2166"]
[TimeControl "180+1"]
[EndTime "15:44:29 PST"]
[Termination "ToddBryant won by resignation"]

1. e4 c5 2. Nf3 e6 3. d4 cxd4 4. Nxd4 a6 5. Bd3 Bc5 6. Nb3 Be7 7. Qg4 g6 8. Qd1 d6 9. c4 Nf6 10. Nc3 Nbd7 11. O-O Qc7 12. Qe2 b6 13. f4 Bb7 14.
Be3 Rd8 15. Rae1 O-O 16. h3 Kh8 17. Qf2 Rg8 18. Bb1 Nc5 19. e5 dxe5 20. fxe5 Qxe5 21. Bxc5 bxc5 22. Rxe5 Rd6 23. Ree1 Rf8 24. Ne4 Bxe4 25. Bxe4 Rfd8 26. Bf3 Rd3 27. Rd1 1-0

[Event "Late-Titled-Tuesday-Blitz-January-16-2024"]
[Site "Chess.com"]
[Date "2024.01.16"]
[Round "9"]
[White "mr_gustavo"]
[Black "varunkrishnanchess"]
[Result "0-1"]
[WhiteElo "2738"]
[BlackElo "2649"]
[TimeControl "180+1"]
[EndTime "15:44:44 PST"]
[Termination "varunkrishnanchess won by resignation"]

1. Nf3 g6 2. g3 Bg7 3. Bg2 e5 4. O-O Ne7 5. c4 O-O 6. Nc3 c6 7. d4 exd4 8. Nxd4 d5 9. cxd5 cxd5 10. Be3 Nbc6 11. Nxc6 bxc6 12. Bc5 Re8 13. e3 Be6 14. Rc1 Nc8 15. Ne2 Nd6 16. Nd4 Ne4 17. Bxe4 dxe4 18. Nxc6 Qg5 19. Bd4 Bg4 20. Qb3 Qf5 21. Bxg7 Bf3 22.
Ne5 Rxe5 23. Rc7 Kxg7 24. h3 Rf8 25. Kh2 Qxh3+ 0-1

[Event "Late-Titled-Tuesday-Blitz-January-16-2024"]
[Site "Chess.com"]
[Date "2024.01.16"]
[Round "9"]
[White "OYAcosta"]
[Black "ATM622"]
[Result "0-1"]
[WhiteElo "2159"]
[BlackElo "2483"]
[TimeControl "180+1"]
[EndTime "15:44:46 PST"]
[Termination "ATM622 won by resignation"]

1. d4 Nf6 2. Nf3 e6 3. c4 d5 4. Nc3 Be7 5. Bg5 h6 6. Bh4 O-O 7. e3 Ne4 8. Bxe7 Qxe7 9. Bd3 Nxc3 10. bxc3 dxc4 11. Bxc4 b6 12. O-O Bb7 13. Re1 c5 14. e4 cxd4 15. cxd4 Nd7 16. d5 exd5 17. exd5 Qd6 18.
Nd4 Ne5 19. Bb3 Qf6 20. Qd2 Rad8 21. Nc2 Rd6 22. Ne3 Rfd8 23. Rad1 g5 24. Qd4 Nd7 25. Ng4 Qxd4 26. Rxd4 Nc5 27. Re7 Nxb3 28. axb3 Bxd5 29.
h3 a5 30. Ne3 Bxb3 31. Re8+ Rxe8 32. Rxd6 Re6 33. Rd8+ Kg7 34. Kh2 a4 35. Nf5+ Kh7 36. Nd4 Re4 37. Nxb3 axb3 38. Rd2 Rc4 39. Rb2 Rc3 40.
Kg1 Kg6 41. Kf1 b5 42. Ke1 b4 43. Kd2 Kf5 44. Rb1 Ke4 45. f3+ Kd4 46. Rb2 Rc2+ 47. Rxc2 bxc2 48. Kxc2 Kc4 49. Kb2 Kd3 50. Kb3 Ke3 51.
Kxb4 Kf2 52. h4 gxh4 53. f4 Kxg2 54. Kc5 Kf3 55. f5 Kf4 56. f6 Kf5 0-1

[Event "Late-Titled-Tuesday-Blitz-January-16-2024"]
[Site "Chess.com"]
[Date "2024.01.16"]
[Round "9"]
[White "Maect19"]
[Black "Verony64"]
[Result "1-0"]
[WhiteElo "2363"]
[BlackElo "2197"]
[TimeControl "180+1"]
[EndTime "15:45:00 PST"]
[Termination "Maect19 won by resignation"]

1. Nf3 d6 2. c4 c6 3. Nc3 Nd7 4. g3 e5 5. Bg2 f5 6. d3 Ngf6 7.
O-O Be7 8. b4 O-O 9. a4 Qe8 10. b5 Qh5 11. e3 Ng4 12. h3 Nh6 13.
Nh2 Qg6 14. a5 f4 15. Be4 Qe6 16. bxc6 bxc6 17. Bxc6 Qxh3 18. Bg2 Qf5 19. Bxa8 Nc5 20. exf4 Bb7 21. Bxb7 Nxb7 22. fxe5 Qxe5 23. Bxh6 gxh6 24. Nd5 Bd8 25. Qg4+ Kh8 26. Rae1 Qg5 27. Qxg5 hxg5 28. Kg2 Bxa5 29. Re7 Nc5 30. Rxa7 Bd8 31. d4 Nd3 32. f4 gxf4 33. Nxf4 Nb4 34. Ng6+ 1-0

[Event "Late-Titled-Tuesday-Blitz-January-16-2024"]
[Site "Chess.com"]
[Date "2024.01.16"]
[Round "9"]
[White "Ticondriul"]
[Black "bazar-wokzal"]
[Result "1-0"]
[WhiteElo "2730"]
[BlackElo "2567"]
[TimeControl "180+1"]
[EndTime "15:45:07 PST"]
[Termination "Ticondriul won by resignation"]

1. d4 Nf6 2. Nf3 e6 3. e3 c5 4. b3 b6 5. Bb2 Bb7 6. Bd3 Be7 7. O-O Qc7 8. c4 d6 9. Nc3 Nbd7 10. Qe2 a6 11.
Rac1 O-O 12. Rfd1 Rfd8 13. e4 cxd4 14. Nxd4 Rac8 15. Bb1 Qb8 16. f4 Bf8 17. g4 e5 18.
Nf5 g6 19. g5 Nh5 20. Nd5 Bxd5 21. exd5 Nxf4 22. Qg4 gxf5 23. Qxf5 Bg7 24. Qxh7+ Kf8 25. Rf1 Ne2+ 26. Kh1 Nxc1 27. Bg6 Nf6 28. gxf6 fxg6 29. Qxg7+ 1-0

[Event "Late-Titled-Tuesday-Blitz-January-16-2024"]
[Site "Chess.com"]
[Date "2024.01.16"]
[Round "9"]
[White "JCVanDamme10"]
[Black "texie1"]
[Result "0-1"]
[WhiteElo "2351"]
[BlackElo "2519"]
[TimeControl "180+1"]
[EndTime "15:45:07 PST"]
[Termination "texie1 won on time"]

1. e4 c5 2. Nf3 d6 3. d4 cxd4 4. Nxd4 Nf6 5. Nc3 a6 6. Be2 e5 7. Nb3 Be7 8. O-O O-O 9. Kh1 Nbd7 10. a4 b6 11. f4 Bb7 12. Bf3 Qc7 13. Be3 Nc5 14.
Nxc5 dxc5 15. Nd5 Nxd5 16. exd5 exf4 17. d6 Bxd6 18. Bxb7 Qxb7 19. Bxf4 Bxf4 20. Rxf4 Rad8 21. Qf1 Rd2 22. Rf2 Rfd8 23. Re1 h6 24. h4 R2d4 25. Rf4 R4d6 26. h5 Rd5 27. Rf5 Qd7 28. Rfe5 Qg4 29.
Rxd5 Rxd5 30. Re8+ Kh7 31. Qf3 Rd1+ 32. Kh2 Qh4+ 33. Qh3 Qf4+ 34. Qg3 Rh1+ 35. Kxh1 Qxg3 0-1

[Event "Late-Titled-Tuesday-Blitz-January-16-2024"]
[Site "Chess.com"]
[Date "2024.01.16"]
[Round "9"]
[White "NovakRatko"]
[Black "mightysmasher"]
[Result "0-1"]
[WhiteElo "2334"]
[BlackElo "2573"]
[TimeControl "180+1"]
[EndTime "15:45:15 PST"]
[Termination "mightysmasher won on time"]

1. d4 d5 2. c4 e6 3. cxd5 exd5 4.
Nc3 Nf6 5. f3 Be7 6. e4 dxe4 7.
fxe4 O-O 8. Bc4 Nc6 9. e5 Ng4 10.
Nf3 Be6 11. Bxe6 fxe6 12. O-O Kh8 13. h3 Nh6 14. Bxh6 gxh6 15. d5 exd5 16. Nxd5 Rg8 17. e6 Rg6 18. Re1 Bc5+ 19. Kh1 Qg8 20. Qe2 Bd6 21. b4 Re8 22. b5 Ne7 23. Qb2+ Qg7 24.
Qxg7+ Kxg7 25. Nxe7 Rxe7 26. Nh4 Rf6 27. g4 Rexe6 28.
Nf5+ Kg8 29. Rxe6 Rxe6 30. Rd1 Kf7 31. a4 a6 32. Kg2 axb5 33. axb5 h5 0-1

[Event "Late-Titled-Tuesday-Blitz-January-16-2024"]
[Site "Chess.com"]
[Date "2024.01.16"]
[Round "9"]
[White "Mariia89"]
[Black "Roedor"]
[Result "0-1"]
[WhiteElo "2200"]
[BlackElo "2338"]
[TimeControl "180+1"]
[EndTime "15:45:15 PST"]
[Termination "Roedor won by checkmate"]

1. d4 Nf6 2. Nf3 g6 3. c4 Bg7 4. Nc3 d5 5. Bg5 Ne4 6. cxd5 Nxg5 7. Nxg5 e6 8. Nf3 exd5 9. e3 O-O 10. Be2 c6 11. O-O Qd6 12. h3 Nd7 13. Rb1 a5 14. a3 Nf6 15. Ne5 Bf5 16. Bd3 Ne4 17.
Bxe4 Bxe4 18. Nxe4 dxe4 19. Nc4 Qd5 20. Nb6 Qb5 21.
Nxa8 Rxa8 22. Qc2 Re8 23. Rfc1 Bf8 24. Qc4 Qf5 25. b4 axb4 26. axb4 g5 27. b5 Re6 28. bxc6 bxc6 29. Rb8 Kg7 30. Rc2 g4 31. hxg4 Qxg4 32.
Qe2 Qh4 33. g3 Rg6 34. Kg2 Bd6 35. Rb3 Bxg3 36. fxg3 Qxg3+ 37. Kf1 Qg1# 0-1

[Event "Late-Titled-Tuesday-Blitz-January-16-2024"]
[Site "Chess.com"]
[Date "2024.01.16"]
[Round "9"]
[White "rdarruda"]
[Black "Chempiblinka"]
[Result "1-0"]
[WhiteElo "2484"]
[BlackElo "2308"]
[TimeControl "180+1"]
[EndTime "15:45:16 PST"]
[Termination "rdarruda won by resignation"]

1. d4 Nf6 2. Nf3 g6 3. Nc3 d5 4. Bg5 Bg7 5. Bxf6 Bxf6 6. e4 dxe4 7. Nxe4 Bg7 8. Bc4 O-O 9. O-O Bf5 10. Qe2 Nc6 11. Rad1 e6 12. c3 Qe7 13. Rfe1 Rad8 14.
h3 e5 15. Ng3 Bc8 16. Bb5 exd4 17. Qxe7 Nxe7 18. Rxe7 dxc3 19. Rxd8 Rxd8 20. bxc3 Be6 21.
Rxc7 a6 22. Be2 b5 23. c4 b4 24. Ng5 Be5 25. Nxe6 fxe6 26. Rc6 Kf7 27. Bg4 Re8 28. Ne4 h6 29. Nc5 a5 30. Rxe6 Rd8 31. Rxe5 Rd2 32. Re2 Rd1+ 33. Kh2 Rd4 34. Nb3 Rxc4 35. Be6+ 1-0

[Event "Late-Titled-Tuesday-Blitz-January-16-2024"]
[Site "Chess.com"]
[Date "2024.01.16"]
[Round "9"]
[White "ccccvhhhj"]
[Black "GMJustin"]
[Result "1-0"]
[WhiteElo "2519"]
[BlackElo "2355"]
[TimeControl "180+1"]
[EndTime "15:45:20 PST"]
[Termination "ccccvhhhj won on time"]

1. e4 c6 2. d4 d5 3. e5 Bf5 4. Nc3 e6 5. g4 Bg6 6. Nge2 Ne7 7. h4 h5 8. Nf4 hxg4 9. Nxg6 Nxg6 10. h5 Ne7 11. Qxg4 Nd7 12. Bg5 Qa5 13. O-O-O O-O-O 14. Bxe7 Bxe7 15. Qxg7 Rdf8 16. Bh3 Ba3 17. Qg3 Bb4 18. a3 Bxc3 19. Qxc3 Qxc3 20. bxc3 Rxh5 21. Bxe6 Rxh1 22. Bxd7+ Kxd7 23. Rxh1 Rg8 24. Kd2 Rg2 25. Ke3 a5 26. a4 b5 27. Rh7 Ke7 28. Rh6 Kd7 29.
Rd6+ Kc7 30. axb5 cxb5 31. Rxd5 Kc6 32. Rd6+ Kc7 33. Ra6 a4 34. d5 Kb7 35. Ra5 Kb6 36.
Ra8 Kb7 37. Rh8 a3 38. Rh1 a2 39. Ra1 Kb6 40. Rxa2 Kc5 41. d6 Kc6 42. Ra6+ 1-0

[Event "Late-Titled-Tuesday-Blitz-January-16-2024"]
[Site "Chess.com"]
[Date "2024.01.16"]
[Round "9"]
[White "chegueps"]
[Black "vladislavkovalev"]
[Result "0-1"]
[WhiteElo "2685"]
[BlackElo "2843"]
[TimeControl "180+1"]
[EndTime "15:45:21 PST"]
[Termination "vladislavkovalev won on time"]

1. e4 e5 2. Nf3 Nc6 3. Bb5 a6 4.
Ba4 Nf6 5. O-O Be7 6. d3 b5 7.
Bb3 d6 8. a3 O-O 9. Nc3 Nb8 10.
Bg5 Nbd7 11. a4 b4 12. Ne2 Nc5 13. Bc4 Be6 14. b3 Bxc4 15. bxc4 a5 16. Ng3 Nfd7 17. Bxe7 Qxe7 18. Nf5 Qf6 19. h3 Nb6 20. Ne3 Ncxa4 21. Nh2 Nc5 22. Nhg4 Qg5 23. Nf5 g6 24. f4 exf4 25. h4 Qd8 26. Nfh6+ Kg7 27. Rxf4 Qxh4 28. Qd2 Ne6 29. Rf5 Nd7 30. Raf1 f6 31. Qe3 Ne5 32. Nxe5 dxe5 33. g3 Qxh6 0-1